[ PARTIDA AOE2 · #467836170 ]
Team RMPersas vs Burgundians
[ ANÁLISIS DE REPETICIÓN · EXTRAÍDO DE LA PARTIDA GRABADA ]
Feudal
15:15
Castillos
22:10
Imperial
—
| APM promedio | 12.0 |
| APM pico | 27 |
| eAPM promedio | 8.4 |
| Aldeanos / militares | 84 / 156 |
Foco
⚔️ 31.2% · 🌾 68.8%
Spearman ×150 · Battering Ram ×3 · Mangonel ×2 · Monk ×1
Feudal
17:09
Castillos
27:23
Imperial
—
| APM promedio | 15.7 |
| APM pico | 57 |
| eAPM promedio | 7.5 |
| Aldeanos / militares | 57 / 46 |
Foco
⚔️ 28.7% · 🌾 71.3%
Scout Cavalry ×31 · Spearman ×15
Feudal
16:28
Castillos
32:25
Imperial
—
| APM promedio | 9.8 |
| APM pico | 48 |
| eAPM promedio | 4.3 |
| Aldeanos / militares | 42 / 23 |
Foco
⚔️ 25.3% · 🌾 74.7%
Spearman ×12 · Scout Cavalry ×6 · Skirmisher ×5
Feudal
16:33
Castillos
29:05
Imperial
—
| APM promedio | 24.0 |
| APM pico | 57 |
| eAPM promedio | 15.5 |
| Aldeanos / militares | 247 / 37 |
Foco
⚔️ 16.5% · 🌾 83.5%
Hand Cannoneer ×19 · Trade Cart ×14 · Scout Cavalry ×10 · Spearman ×7 · Militia ×1
Feudal
16:35
Castillos
22:24
Imperial
—
| APM promedio | 10.3 |
| APM pico | 23 |
| eAPM promedio | 8.5 |
| Aldeanos / militares | 56 / 285 |
Foco
⚔️ 38.3% · 🌾 61.7%
Spearman ×189 · Scout Cavalry ×78 · Camel Scout ×16 · Monk ×2
Feudal
19:00
Castillos
30:11
Imperial
45:56
| APM promedio | 26.2 |
| APM pico | 75 |
| eAPM promedio | 15.4 |
| Aldeanos / militares | 76 / 175 |
Foco
⚔️ 32.3% · 🌾 67.7%
Spearman ×90 · Militia ×37 · Leitis ×21 · Trade Cart ×14 · Knight ×13 · Battering Ram ×6
Feudal
15:05
Castillos
23:13
Imperial
38:27
| APM promedio | 24.1 |
| APM pico | 67 |
| eAPM promedio | 17.8 |
| Aldeanos / militares | 62 / 320 |
Foco
⚔️ 26.7% · 🌾 73.3%
Spearman ×314 · Knight ×4 · Trebuchet (Packed) ×2
Feudal
11:52
Castillos
24:13
Imperial
42:54
| APM promedio | 27.7 |
| APM pico | 61 |
| eAPM promedio | 16.5 |
| Aldeanos / militares | 85 / 119 |
Foco
⚔️ 26.1% · 🌾 73.9%
Cavalry Archer ×86 · Knight ×21 · Trade Cart ×20 · Scout Cavalry ×6 · Monk ×3 · Archer ×2
Mapa de la partida
Recursos iniciales + cada clic de construcción. Líneas = muros · curvas = relieve. ◆ oro · ⬟ piedra · ● bayas · ✦ reliquia · ◌ hueco del cierre
Tu base· Abierta — flanco sin cerrar
Base de Paus· Abierta — flanco sin cerrar
Base de popsicle· Abierta — flanco sin cerrar
Base de n2844522· Abierta — hueco de 9t
Base de Eljardinero· Abierta — flanco sin cerrar
Base de hop· Abierta — flanco sin cerrar
Base de WOLF_PRO_MAX· Abierta — flanco sin cerrar
Base de 打不过你们· Abierta — flanco sin cerrar
Terreno inicial suavizado · ◌ = hueco del cierre detectado · pasá el cursor para detalles
Inputs por minuto
— Kazek Wielki - - Paus
Build order — Kazek Wielki
Primeras 150 de 243 acciones detectadas
| 0:31 | Construir | Town Center |
| 2:27 | Crear | Villager (Male) ×5 |
| 2:46 | Construir | House |
| 3:21 | Construir | House |
| 4:10 | Crear | Villager (Male) |
| 4:34 | Construir | Mill |
| 5:02 | Investigar | Loom |
| 5:34 | Construir | Mill |
| 5:36 | Crear | Villager (Male) |
| 5:37 | Crear | Villager (Male) |
| 6:32 | Crear | Villager (Male) |
| 6:59 | Construir | House |
| 7:02 | Construir | House |
| 7:06 | Crear | Villager (Male) |
| 7:06 | Crear | Villager (Male) |
| 7:49 | Crear | Villager (Male) |
| 7:50 | Crear | Villager (Male) |
| 8:16 | Construir | House |
| 8:21 | Crear | Villager (Male) |
| 8:45 | Crear | Villager (Male) |
| 8:46 | Crear | Villager (Male) |
| 8:47 | Crear | Villager (Male) |
| 9:12 | Construir | Mill |
| 10:27 | Crear | Villager (Male) |
| 10:28 | Crear | Villager (Male) |
| 10:38 | Construir | Mill |
| 11:04 | Crear | Villager (Male) |
| 11:30 | Construir | Lumber Camp |
| 11:35 | Construir | Mill |
| 11:50 | Crear | Villager (Male) |
| 11:51 | Crear | Villager (Male) |
| 12:46 | Crear | Villager (Male) |
| 13:11 | Investigar | Feudal Age |
| 14:11 | Construir | Farm |
| 14:12 | Construir | Farm |
| 14:14 | Construir | Farm |
| 14:35 | Construir | Mill |
| 15:08 | Crear | Villager (Male) |
| 15:08 | Crear | Villager (Male) |
| 15:15 | Edad | Edad Feudal |
| 15:44 | Construir | Mining Camp |
| 16:00 | Construir | House |
| 16:02 | Construir | House |
| 16:43 | Construir | Mining Camp |
| 16:51 | Investigar | Wheelbarrow |
| 17:01 | Construir | Barracks |
| 17:04 | Construir | Blacksmith |
| 17:11 | Crear | Villager (Male) |
| 17:53 | Crear | Villager (Male) |
| 18:37 | Crear | Villager (Male) |
| 18:44 | Construir | Stable |
| 18:53 | Crear | Villager (Male) |
| 19:44 | Investigar | Castle Age |
| 19:59 | Investigar | Stone Mining |
| 20:02 | Investigar | Horse Collar |
| 20:08 | Investigar | Double-Bit Axe |
| 20:32 | Construir | Mill |
| 21:09 | Investigar | Gold Mining |
| 21:29 | Construir | House |
| 21:32 | Construir | House |
| 21:33 | Construir | House |
| 21:35 | Construir | House |
| 21:37 | Construir | House |
| 21:39 | Construir | House |
| 22:10 | Edad | Edad de los Castillos |
| 22:23 | Crear | Villager (Male) |
| 22:23 | Crear | Villager (Male) |
| 23:40 | Construir | Castle |
| 23:43 | Construir | House |
| 23:46 | Construir | House |
| 23:50 | Construir | House |
| 23:52 | Construir | House |
| 23:55 | Construir | House |
| 23:57 | Construir | House |
| 24:15 | Crear | Villager (Male) |
| 24:15 | Crear | Villager (Male) |
| 24:27 | Construir | Town Center |
| 24:40 | Construir | Farm |
| 24:42 | Construir | Farm |
| 25:10 | Construir | Farm |
| 25:12 | Crear | Villager (Male) |
| 25:23 | Crear | Villager (Male) |
| 25:48 | Construir | Barracks |
| 25:56 | Construir | Farm |
| 25:58 | Crear | Villager (Male) |
| 26:04 | Construir | Lumber Camp |
| 26:11 | Crear | Villager (Male) |
| 26:11 | Crear | Villager (Male) |
| 26:35 | Construir | Lumber Camp |
| 26:40 | Construir | Farm |
| 26:46 | Crear | Villager (Male) |
| 26:47 | Crear | Villager (Male) |
| 26:49 | Crear | Villager (Male) |
| 26:51 | Crear | Villager (Male) |
| 26:52 | Crear | Villager (Male) |
| 26:52 | Crear | Villager (Male) |
| 27:08 | Construir | Siege Workshop |
| 27:11 | Crear | Spearman |
| 27:11 | Crear | Spearman |
| 27:17 | Crear | Villager (Male) |
| 27:52 | Construir | Farm |
| 27:58 | Crear | Battering Ram |
| 28:01 | Crear | Mangonel |
| 28:05 | Construir | Farm |
| 28:11 | Construir | Barracks |
| 28:13 | Crear | Villager (Male) |
| 28:15 | Crear | Villager (Male) |
| 28:15 | Crear | Villager (Male) |
| 28:17 | Crear | Villager (Male) |
| 28:17 | Crear | Villager (Male) |
| 28:39 | Construir | Town Center |
| 28:44 | Construir | Farm |
| 28:45 | Crear | Villager (Male) |
| 28:56 | Crear | Villager (Male) |
| 28:59 | Investigar | Hand Cart |
| 29:06 | Construir | Farm |
| 29:17 | Crear | Spearman ×5 |
| 29:19 | Investigar | Pikeman (upgrade) |
| 29:20 | Investigar | Squires |
| 29:30 | Crear | Battering Ram |
| 29:34 | Construir | Farm |
| 30:14 | Construir | Farm |
| 30:16 | Construir | Farm |
| 30:17 | Crear | Villager (Male) |
| 30:21 | Crear | Villager (Male) |
| 30:26 | Investigar | Bow Saw |
| 30:43 | Crear | Battering Ram |
| 30:52 | Construir | Monastery |
| 30:57 | Construir | Farm |
| 30:58 | Crear | Villager (Male) |
| 31:01 | Crear | Villager (Male) |
| 31:05 | Crear | Villager (Male) |
| 31:09 | Crear | Villager (Male) |
| 31:13 | Construir | Farm |
| 31:33 | Investigar | Scale Mail Armor |
| 31:37 | Construir | Farm |
| 31:40 | Construir | Farm |
| 31:55 | Crear | Spearman ×3 |
| 32:02 | Crear | Mangonel |
| 32:22 | Construir | Mill |
| 32:23 | Construir | Farm |
| 32:27 | Construir | Farm |
| 32:29 | Crear | Villager (Male) |
| 32:30 | Crear | Villager (Male) |
| 32:31 | Crear | Villager (Male) |
| 32:38 | Crear | Villager (Male) |
| 32:39 | Crear | Villager (Male) |
| 32:55 | Crear | Spearman ×5 |
| 33:00 | Construir | Farm |
| 33:03 | Construir | Farm |
Build order — Paus
Primeras 150 de 196 acciones detectadas
| 2:01 | Construir | Town Center |
| 3:49 | Crear | Villager (Male) |
| 3:50 | Crear | Villager (Male) |
| 3:52 | Construir | House |
| 3:53 | Construir | House |
| 3:59 | Crear | Villager (Male) |
| 4:23 | Crear | Villager (Male) |
| 5:26 | Crear | Villager (Male) |
| 6:04 | Construir | Lumber Camp |
| 6:05 | Crear | Villager (Male) |
| 6:24 | Crear | Villager (Male) |
| 6:47 | Investigar | Double-Bit Axe |
| 6:54 | Crear | Villager (Male) |
| 7:29 | Crear | Villager (Male) |
| 7:58 | Construir | House |
| 7:58 | Investigar | Loom |
| 8:28 | Crear | Villager (Male) |
| 8:28 | Crear | Villager (Male) |
| 9:25 | Crear | Villager (Male) |
| 10:08 | Construir | Mill |
| 10:14 | Crear | Villager (Male) |
| 10:26 | Crear | Villager (Male) |
| 10:40 | Crear | Villager (Male) |
| 10:45 | Crear | Villager (Male) |
| 10:58 | Construir | Lumber Camp |
| 11:12 | Construir | House |
| 11:13 | Construir | House |
| 11:32 | Crear | Villager (Male) |
| 11:56 | Construir | Farm |
| 12:11 | Construir | Farm |
| 12:21 | Construir | Farm |
| 12:22 | Crear | Villager (Male) |
| 12:50 | Construir | Farm |
| 13:00 | Crear | Villager (Male) |
| 13:01 | Crear | Villager (Male) |
| 13:11 | Investigar | Horse Collar |
| 13:33 | Construir | Farm |
| 13:34 | Construir | Farm |
| 13:34 | Construir | Farm |
| 13:34 | Construir | Farm |
| 13:41 | Crear | Villager (Male) |
| 13:48 | Construir | Farm |
| 13:57 | Construir | Farm |
| 14:08 | Crear | Villager (Male) |
| 14:12 | Construir | Farm |
| 14:26 | Construir | Farm |
| 14:59 | Investigar | Feudal Age |
| 15:27 | Construir | Palisade Wall |
| 15:31 | Construir | Palisade Wall |
| 15:33 | Construir | Palisade Wall |
| 15:42 | Construir | Palisade Wall |
| 15:44 | Construir | Palisade Wall |
| 15:50 | Construir | Palisade Wall |
| 16:05 | Construir | Palisade Wall |
| 16:11 | Construir | Palisade Wall |
| 16:46 | Construir | Palisade Wall |
| 16:48 | Construir | Palisade Wall |
| 17:09 | Edad | Edad Feudal |
| 17:13 | Investigar | Bow Saw |
| 17:15 | Investigar | Heavy Plow |
| 17:17 | Crear | Villager (Male) |
| 17:17 | Crear | Villager (Male) |
| 17:18 | Crear | Villager (Male) |
| 18:49 | Construir | House |
| 18:50 | Construir | House |
| 18:56 | Crear | Villager (Male) |
| 18:56 | Crear | Villager (Male) |
| 18:56 | Crear | Villager (Male) |
| 19:07 | Construir | Palisade Wall |
| 19:22 | Construir | Mining Camp |
| 19:28 | Construir | Barracks |
| 19:32 | Crear | Villager (Male) |
| 19:36 | Construir | House |
| 19:38 | Construir | House |
| 19:38 | Construir | House |
| 19:39 | Construir | House |
| 20:01 | Crear | Villager (Male) |
| 20:10 | Investigar | Gold Mining |
| 20:13 | Construir | Palisade Wall |
| 20:15 | Construir | Palisade Wall |
| 20:21 | Construir | Palisade Gate |
| 20:31 | Construir | Farm |
| 20:33 | Construir | Farm |
| 20:37 | Crear | Villager (Male) |
| 20:41 | Construir | Farm |
| 20:47 | Crear | Spearman |
| 20:48 | Crear | Spearman |
| 20:50 | Crear | Spearman |
| 21:11 | Construir | Farm |
| 21:15 | Crear | Villager (Male) |
| 21:15 | Crear | Villager (Male) |
| 21:24 | Construir | House |
| 21:34 | Construir | Mill |
| 21:35 | Construir | Farm |
| 21:35 | Construir | Farm |
| 21:36 | Construir | Farm |
| 21:36 | Construir | Farm |
| 21:36 | Construir | Farm |
| 23:09 | Construir | Stable |
| 23:10 | Construir | Stable |
| 23:27 | Crear | Villager (Male) |
| 23:28 | Crear | Villager (Male) |
| 23:28 | Crear | Villager (Male) |
| 23:29 | Crear | Villager (Male) |
| 23:53 | Construir | Market |
| 23:59 | Crear | Villager (Male) |
| 24:10 | Crear | Scout Cavalry |
| 24:10 | Crear | Scout Cavalry |
| 24:11 | Crear | Scout Cavalry |
| 24:38 | Investigar | Castle Age |
| 24:42 | Construir | Blacksmith |
| 25:08 | Investigar | Forging |
| 25:10 | Investigar | Scale Barding Armor |
| 25:11 | Crear | Scout Cavalry |
| 25:12 | Crear | Scout Cavalry |
| 25:28 | Construir | House |
| 25:29 | Construir | House |
| 25:30 | Construir | House |
| 25:39 | Construir | Farm |
| 25:43 | Crear | Villager (Male) |
| 25:43 | Crear | Villager (Male) |
| 25:54 | Crear | Scout Cavalry |
| 26:08 | Construir | Farm |
| 26:56 | Investigar | Scale Mail Armor |
| 26:59 | Crear | Scout Cavalry |
| 27:00 | Crear | Scout Cavalry |
| 27:01 | Crear | Scout Cavalry |
| 27:01 | Crear | Scout Cavalry |
| 27:23 | Edad | Edad de los Castillos |
| 27:28 | Investigar | Light Cavalry (upgrade) |
| 27:35 | Construir | House |
| 27:36 | Construir | House |
| 27:36 | Construir | House |
| 28:11 | Crear | Scout Cavalry |
| 28:11 | Crear | Scout Cavalry |
| 28:33 | Crear | Scout Cavalry |
| 28:33 | Crear | Scout Cavalry |
| 29:32 | Crear | Scout Cavalry |
| 29:32 | Crear | Scout Cavalry |
| 29:32 | Crear | Scout Cavalry |
| 29:33 | Crear | Scout Cavalry |
| 29:33 | Crear | Scout Cavalry |
| 29:34 | Crear | Scout Cavalry |
| 29:35 | Crear | Villager (Male) |
| 29:35 | Crear | Villager (Male) |
| 29:35 | Crear | Villager (Male) |
| 29:36 | Crear | Villager (Male) |
| 29:42 | Construir | Town Center |
| 30:42 | Crear | Villager (Male) |
| 30:42 | Crear | Villager (Male) |
Build order — popsicle
126 acciones detectadas en el replay
| 1:10 | Construir | Town Center |
| 2:58 | Construir | House |
| 3:02 | Construir | House |
| 3:25 | Crear | Villager (Male) |
| 3:25 | Crear | Villager (Male) |
| 3:26 | Crear | Villager (Male) |
| 3:26 | Crear | Villager (Male) |
| 3:53 | Construir | Mill |
| 4:12 | Construir | Mill |
| 5:05 | Construir | Farm |
| 5:11 | Construir | Farm |
| 5:34 | Crear | Villager (Male) |
| 6:36 | Construir | Farm |
| 6:45 | Crear | Villager (Male) |
| 6:45 | Crear | Villager (Male) |
| 6:46 | Crear | Villager (Male) |
| 7:05 | Crear | Villager (Male) |
| 7:06 | Crear | Villager (Male) |
| 7:39 | Crear | Villager (Male) |
| 7:50 | Construir | House |
| 7:54 | Construir | House |
| 8:37 | Construir | Outpost |
| 8:40 | Crear | Villager (Male) |
| 8:54 | Construir | Farm |
| 8:56 | Crear | Villager (Male) |
| 9:28 | Construir | Mill |
| 9:34 | Crear | Villager (Male) |
| 9:35 | Crear | Villager (Male) |
| 10:05 | Construir | House |
| 10:31 | Crear | Villager (Male) |
| 10:32 | Crear | Villager (Male) |
| 10:36 | Construir | Farm |
| 10:42 | Construir | Farm |
| 10:55 | Construir | House |
| 10:59 | Construir | House |
| 11:05 | Crear | Villager (Male) |
| 11:14 | Construir | Farm |
| 11:34 | Construir | Palisade Wall |
| 11:45 | Crear | Villager (Male) |
| 12:00 | Construir | Farm |
| 12:01 | Construir | Farm |
| 12:16 | Construir | Palisade Wall |
| 12:35 | Crear | Villager (Male) |
| 12:42 | Construir | Farm |
| 12:50 | Construir | Farm |
| 13:00 | Construir | Farm |
| 13:06 | Crear | Villager (Male) |
| 13:19 | Construir | Mining Camp |
| 13:24 | Crear | Villager (Male) |
| 14:06 | Construir | Farm |
| 14:18 | Investigar | Feudal Age |
| 14:20 | Investigar | Loom |
| 16:28 | Edad | Edad Feudal |
| 16:33 | Construir | Watch Tower |
| 17:02 | Crear | Villager (Male) |
| 17:03 | Crear | Villager (Male) |
| 17:11 | Construir | Barracks |
| 17:50 | Crear | Villager (Male) |
| 18:06 | Crear | Spearman |
| 18:07 | Crear | Spearman |
| 18:22 | Construir | Mining Camp |
| 18:28 | Crear | Spearman |
| 19:10 | Crear | Villager (Male) |
| 19:10 | Crear | Villager (Male) |
| 19:37 | Crear | Villager (Male) |
| 19:56 | Construir | Stable |
| 20:02 | Crear | Villager (Male) |
| 20:12 | Construir | Watch Tower |
| 20:22 | Crear | Spearman |
| 20:38 | Crear | Villager (Male) |
| 20:38 | Crear | Villager (Male) |
| 21:51 | Construir | Watch Tower |
| 21:58 | Construir | Watch Tower |
| 22:06 | Crear | Villager (Male) |
| 22:07 | Crear | Villager (Male) |
| 22:07 | Crear | Villager (Male) |
| 22:07 | Crear | Villager (Male) |
| 22:42 | Crear | Villager (Male) |
| 22:45 | Crear | Spearman |
| 23:04 | Construir | Watch Tower |
| 23:21 | Investigar | Horse Collar |
| 23:48 | Crear | Scout Cavalry |
| 23:49 | Crear | Scout Cavalry |
| 23:52 | Crear | Villager (Male) |
| 24:01 | Construir | Farm |
| 24:09 | Construir | Farm |
| 24:22 | Crear | Scout Cavalry |
| 24:33 | Construir | Lumber Camp |
| 24:37 | Construir | Lumber Camp |
| 24:42 | Crear | Villager (Male) |
| 24:42 | Crear | Villager (Male) |
| 24:42 | Crear | Villager (Male) |
| 24:52 | Construir | House |
| 24:53 | Construir | House |
| 25:15 | Construir | House |
| 25:17 | Construir | House |
| 25:20 | Construir | House |
| 25:28 | Construir | Farm |
| 25:37 | Crear | Villager (Male) |
| 25:49 | Construir | House |
| 25:51 | Construir | House |
| 26:09 | Construir | House |
| 26:13 | Construir | House |
| 26:25 | Crear | Scout Cavalry |
| 26:25 | Crear | Scout Cavalry |
| 26:25 | Crear | Scout Cavalry |
| 26:30 | Crear | Spearman |
| 26:30 | Crear | Spearman |
| 26:39 | Construir | Blacksmith |
| 26:52 | Construir | House |
| 27:14 | Crear | Spearman |
| 28:59 | Crear | Spearman |
| 29:01 | Crear | Spearman |
| 29:45 | Investigar | Castle Age |
| 30:32 | Crear | Spearman |
| 30:33 | Crear | Spearman |
| 31:12 | Construir | Archery Range |
| 31:46 | Crear | Skirmisher |
| 31:46 | Crear | Skirmisher |
| 31:48 | Crear | Skirmisher |
| 32:11 | Crear | Villager (Male) |
| 32:25 | Edad | Edad de los Castillos |
| 32:43 | Crear | Skirmisher |
| 32:48 | Investigar | Elite Skirmisher (upgrade) |
| 32:53 | Crear | Skirmisher |
| 34:08 | Investigar | Elite Skirmisher (upgrade) |
Build order — n2844522
Primeras 150 de 486 acciones detectadas
| 0:41 | Construir | Town Center |
| 0:48 | Construir | House |
| 3:22 | Crear | Villager (Male) |
| 3:23 | Crear | Villager (Male) |
| 3:23 | Crear | Villager (Male) |
| 3:28 | Crear | Villager (Male) |
| 3:28 | Crear | Villager (Male) |
| 4:42 | Construir | Lumber Camp |
| 5:00 | Investigar | Loom |
| 5:15 | Crear | Villager (Male) |
| 5:16 | Crear | Villager (Male) |
| 5:16 | Investigar | Loom |
| 5:17 | Investigar | Loom |
| 5:30 | Crear | Villager (Male) |
| 5:57 | Construir | House |
| 5:58 | Construir | House |
| 6:00 | Construir | House |
| 6:04 | Investigar | Loom |
| 6:51 | Crear | Villager (Male) |
| 6:51 | Crear | Villager (Male) |
| 6:51 | Crear | Villager (Male) |
| 7:53 | Crear | Villager (Male) |
| 7:54 | Crear | Villager (Male) |
| 8:03 | Construir | Mill |
| 8:17 | Crear | Villager (Male) |
| 8:18 | Crear | Villager (Male) |
| 8:18 | Crear | Villager (Male) |
| 8:48 | Crear | Villager (Male) |
| 8:48 | Crear | Villager (Male) |
| 9:03 | Crear | Villager (Male) |
| 9:03 | Crear | Villager (Male) |
| 10:06 | Crear | Villager (Male) |
| 10:06 | Crear | Villager (Male) |
| 11:47 | Crear | Villager (Male) |
| 11:48 | Crear | Villager (Male) |
| 11:48 | Crear | Villager (Male) |
| 11:48 | Crear | Villager (Male) |
| 11:56 | Crear | Villager (Male) |
| 11:56 | Crear | Villager (Male) |
| 12:20 | Crear | Villager (Male) |
| 12:39 | Crear | Villager (Male) |
| 12:40 | Crear | Villager (Male) |
| 13:19 | Construir | House |
| 13:42 | Crear | Villager (Male) |
| 13:42 | Crear | Villager (Male) |
| 13:55 | Crear | Villager (Male) |
| 14:23 | Investigar | Feudal Age |
| 15:07 | Construir | Lumber Camp |
| 15:27 | Construir | Farm |
| 15:28 | Construir | Farm |
| 15:29 | Construir | Farm |
| 15:30 | Construir | Farm |
| 15:32 | Crear | Villager (Male) |
| 15:32 | Crear | Villager (Male) |
| 15:57 | Construir | Barracks |
| 16:30 | Crear | Villager (Male) |
| 16:33 | Edad | Edad Feudal |
| 16:43 | Crear | Villager (Male) |
| 16:59 | Construir | Stable |
| 17:00 | Crear | Villager (Male) |
| 17:00 | Crear | Villager (Male) |
| 17:01 | Crear | Villager (Male) |
| 17:30 | Construir | Mining Camp |
| 17:33 | Crear | Villager (Male) |
| 17:51 | Crear | Villager (Male) |
| 18:30 | Construir | House |
| 18:30 | Construir | House |
| 18:36 | Construir | Blacksmith |
| 18:44 | Crear | Villager (Male) |
| 18:47 | Construir | Farm |
| 18:50 | Crear | Villager (Male) |
| 18:55 | Construir | Farm |
| 19:01 | Crear | Scout Cavalry |
| 19:02 | Crear | Scout Cavalry |
| 19:16 | Investigar | Town Watch |
| 19:16 | Crear | Villager (Male) |
| 19:20 | Investigar | Forging |
| 19:27 | Construir | Mining Camp |
| 19:35 | Crear | Villager (Male) |
| 19:52 | Crear | Scout Cavalry |
| 20:06 | Investigar | Scale Barding Armor |
| 20:07 | Investigar | Scale Barding Armor |
| 20:12 | Crear | Villager (Male) |
| 20:15 | Construir | Farm |
| 20:22 | Construir | Farm |
| 20:24 | Construir | Farm |
| 20:27 | Construir | Farm |
| 20:35 | Construir | Farm |
| 20:36 | Construir | Farm |
| 20:37 | Construir | Farm |
| 20:38 | Construir | Farm |
| 20:40 | Crear | Villager (Male) |
| 20:41 | Crear | Villager (Male) |
| 21:09 | Construir | Stable |
| 21:12 | Crear | Villager (Male) |
| 21:12 | Crear | Villager (Male) |
| 21:41 | Crear | Villager (Male) |
| 21:59 | Crear | Villager (Male) |
| 22:00 | Crear | Villager (Male) |
| 22:05 | Construir | Farm |
| 22:06 | Construir | Farm |
| 22:07 | Construir | Farm |
| 22:08 | Crear | Villager (Male) |
| 22:09 | Crear | Villager (Male) |
| 22:52 | Crear | Villager (Male) |
| 22:52 | Crear | Villager (Male) |
| 22:54 | Crear | Villager (Male) |
| 23:05 | Construir | House |
| 23:06 | Construir | House |
| 23:19 | Construir | Watch Tower |
| 23:28 | Construir | Watch Tower |
| 23:30 | Investigar | Fletching |
| 23:30 | Investigar | Fletching |
| 23:31 | Crear | Villager (Male) |
| 23:31 | Crear | Villager (Male) |
| 23:31 | Crear | Villager (Male) |
| 23:50 | Construir | Farm |
| 24:36 | Construir | Market |
| 24:37 | Construir | House |
| 24:38 | Construir | House |
| 24:39 | Construir | House |
| 24:40 | Construir | House |
| 24:41 | Construir | House |
| 24:42 | Construir | House |
| 24:44 | Crear | Villager (Male) |
| 24:49 | Construir | Farm |
| 24:51 | Crear | Villager (Male) |
| 25:38 | Construir | Mining Camp |
| 26:02 | Crear | Trade Cart |
| 26:25 | Investigar | Castle Age |
| 26:25 | Investigar | Castle Age |
| 26:26 | Investigar | Castle Age |
| 26:31 | Crear | Trade Cart |
| 26:49 | Construir | Watch Tower |
| 27:00 | Crear | Villager (Male) |
| 27:06 | Crear | Militia |
| 27:42 | Crear | Scout Cavalry |
| 27:42 | Crear | Scout Cavalry |
| 27:42 | Crear | Scout Cavalry |
| 27:42 | Crear | Scout Cavalry |
| 28:00 | Crear | Spearman |
| 28:21 | Crear | Spearman |
| 28:38 | Crear | Spearman |
| 28:38 | Crear | Spearman |
| 28:54 | Crear | Spearman |
| 28:54 | Crear | Spearman |
| 28:54 | Crear | Spearman |
| 29:05 | Edad | Edad de los Castillos |
| 29:28 | Crear | Villager (Male) |
| 29:28 | Crear | Villager (Male) |
Build order — Eljardinero
Primeras 150 de 296 acciones detectadas
| 1:57 | Construir | Town Center |
| 2:44 | Construir | House |
| 2:55 | Construir | House |
| 4:02 | Crear | Villager (Male) |
| 4:02 | Crear | Villager (Male) |
| 4:02 | Crear | Villager (Male) |
| 4:03 | Crear | Villager (Male) |
| 4:03 | Crear | Villager (Male) |
| 5:13 | Crear | Villager (Male) |
| 6:00 | Investigar | Loom |
| 6:50 | Construir | Mill |
| 6:54 | Crear | Villager (Male) |
| 6:54 | Crear | Villager (Male) |
| 6:55 | Crear | Villager (Male) |
| 7:38 | Crear | Villager (Male) |
| 8:17 | Construir | House |
| 8:27 | Crear | Villager (Male) |
| 8:57 | Crear | Villager (Male) |
| 9:07 | Crear | Villager (Male) |
| 9:08 | Crear | Villager (Male) |
| 9:09 | Crear | Villager (Male) |
| 9:31 | Crear | Villager (Male) |
| 10:37 | Construir | House |
| 10:47 | Construir | Farm |
| 10:51 | Construir | Farm |
| 10:55 | Crear | Villager (Male) |
| 10:56 | Crear | Villager (Male) |
| 10:56 | Crear | Villager (Male) |
| 11:05 | Construir | Farm |
| 11:19 | Construir | Farm |
| 11:30 | Crear | Villager (Male) |
| 11:30 | Crear | Villager (Male) |
| 12:43 | Construir | Lumber Camp |
| 12:51 | Crear | Villager (Male) |
| 13:03 | Construir | House |
| 13:26 | Construir | Farm |
| 13:31 | Construir | Farm |
| 13:35 | Construir | Farm |
| 13:38 | Construir | Farm |
| 13:41 | Construir | Farm |
| 13:57 | Construir | Farm |
| 14:31 | Investigar | Feudal Age |
| 14:44 | Construir | Barracks |
| 15:38 | Construir | Farm |
| 15:53 | Construir | House |
| 15:54 | Construir | House |
| 15:56 | Construir | House |
| 15:59 | Construir | House |
| 16:23 | Crear | Villager (Male) |
| 16:24 | Crear | Villager (Male) |
| 16:24 | Crear | Villager (Male) |
| 16:25 | Crear | Villager (Male) |
| 16:35 | Edad | Edad Feudal |
| 16:38 | Investigar | Wheelbarrow |
| 17:02 | Construir | Blacksmith |
| 17:06 | Construir | Stable |
| 17:46 | Construir | Farm |
| 18:30 | Construir | Farm |
| 19:58 | Investigar | Castle Age |
| 20:17 | Construir | Market |
| 20:29 | Investigar | Horse Collar |
| 20:45 | Investigar | Double-Bit Axe |
| 21:12 | Investigar | Bloodlines |
| 21:23 | Construir | Farm |
| 21:30 | Construir | Mill |
| 21:35 | Construir | Farm |
| 21:40 | Crear | Spearman |
| 21:40 | Crear | Spearman |
| 21:46 | Crear | Spearman |
| 22:24 | Edad | Edad de los Castillos |
| 22:27 | Construir | Stable |
| 22:37 | Crear | Camel Scout |
| 23:26 | Crear | Spearman |
| 23:27 | Crear | Spearman |
| 23:27 | Crear | Spearman |
| 24:10 | Construir | Town Center |
| 24:39 | Investigar | Light Cavalry (upgrade) |
| 24:41 | Investigar | Husbandry |
| 24:47 | Construir | Farm |
| 24:51 | Crear | Villager (Male) |
| 25:13 | Crear | Villager (Male) |
| 25:22 | Construir | Farm |
| 25:37 | Construir | Town Center |
| 25:42 | Crear | Villager (Male) |
| 25:42 | Crear | Villager (Male) |
| 26:08 | Construir | Monastery |
| 26:17 | Crear | Villager (Male) |
| 26:18 | Crear | Villager (Male) |
| 26:23 | Construir | Farm |
| 26:38 | Construir | Farm |
| 26:41 | Investigar | Heavy Plow |
| 27:07 | Crear | Monk |
| 27:16 | Crear | Villager (Male) |
| 27:21 | Construir | Farm |
| 27:36 | Crear | Villager (Male) |
| 27:36 | Crear | Villager (Male) |
| 27:41 | Construir | Farm |
| 28:10 | Investigar | Squires |
| 28:16 | Construir | Farm |
| 28:18 | Crear | Villager (Male) |
| 28:18 | Crear | Villager (Male) |
| 28:19 | Crear | Villager (Male) |
| 28:19 | Crear | Villager (Male) |
| 28:25 | Crear | Villager (Male) |
| 28:34 | Crear | Villager (Male) |
| 28:49 | Construir | Barracks |
| 28:53 | Investigar | Scale Mail Armor |
| 28:57 | Construir | Farm |
| 29:01 | Construir | Farm |
| 29:03 | Crear | Villager (Male) |
| 29:09 | Crear | Villager (Male) |
| 29:30 | Investigar | Bow Saw |
| 29:46 | Crear | Scout Cavalry |
| 29:54 | Crear | Spearman |
| 30:20 | Crear | Villager (Male) |
| 30:29 | Construir | Farm |
| 30:33 | Construir | Farm |
| 30:38 | Construir | House |
| 30:42 | Construir | House |
| 30:44 | Construir | House |
| 30:45 | Construir | House |
| 30:46 | Construir | House |
| 30:47 | Construir | House |
| 30:58 | Construir | Mill |
| 31:07 | Crear | Scout Cavalry |
| 31:07 | Crear | Scout Cavalry |
| 31:07 | Crear | Scout Cavalry |
| 31:08 | Crear | Scout Cavalry |
| 31:08 | Crear | Scout Cavalry |
| 31:08 | Crear | Scout Cavalry |
| 31:16 | Construir | Farm |
| 31:22 | Construir | Farm |
| 31:30 | Construir | Farm |
| 31:40 | Construir | Blacksmith |
| 32:01 | Construir | Farm |
| 32:06 | Construir | Farm |
| 32:11 | Construir | Farm |
| 32:23 | Construir | Farm |
| 32:31 | Investigar | Pikeman (upgrade) |
| 32:32 | Investigar | Arson |
| 32:41 | Investigar | Chain Mail Armor |
| 32:44 | Investigar | Forging |
| 32:55 | Construir | Farm |
| 33:05 | Investigar | Hand Cart |
| 33:07 | Crear | Villager (Male) |
| 33:07 | Crear | Villager (Male) |
| 33:17 | Crear | Villager (Male) |
| 33:17 | Crear | Villager (Male) |
| 33:17 | Crear | Villager (Male) |
| 33:32 | Construir | Farm |
Build order — hop
Primeras 150 de 372 acciones detectadas
| 0:12 | Construir | House |
| 5:49 | Construir | Town Center |
| 8:04 | Crear | Villager (Male) |
| 8:05 | Crear | Villager (Male) |
| 8:05 | Crear | Villager (Male) |
| 8:05 | Crear | Villager (Male) |
| 8:06 | Crear | Villager (Male) |
| 8:06 | Crear | Villager (Male) |
| 8:06 | Crear | Villager (Male) |
| 8:07 | Investigar | Loom |
| 9:01 | Construir | House |
| 9:03 | Construir | House |
| 9:04 | Construir | House |
| 9:05 | Construir | House |
| 9:52 | Crear | Villager (Male) |
| 9:53 | Crear | Villager (Male) |
| 9:53 | Crear | Villager (Male) |
| 9:53 | Crear | Villager (Male) |
| 11:36 | Crear | Villager (Male) |
| 11:50 | Crear | Villager (Male) |
| 12:14 | Crear | Villager (Male) |
| 12:39 | Crear | Villager (Male) |
| 12:48 | Crear | Villager (Male) |
| 12:58 | Construir | Mill |
| 13:35 | Crear | Villager (Male) |
| 14:14 | Crear | Villager (Male) |
| 14:39 | Crear | Villager (Male) |
| 15:14 | Crear | Villager (Male) |
| 15:24 | Construir | Lumber Camp |
| 15:49 | Crear | Villager (Male) |
| 16:20 | Crear | Villager (Male) |
| 16:27 | Construir | House |
| 16:28 | Construir | House |
| 16:30 | Construir | House |
| 16:31 | Construir | House |
| 16:45 | Investigar | Feudal Age |
| 16:45 | Investigar | Feudal Age |
| 17:09 | Construir | Barracks |
| 17:24 | Construir | Mining Camp |
| 17:53 | Construir | Palisade Wall |
| 17:58 | Construir | Palisade Gate |
| 18:11 | Construir | House |
| 18:18 | Construir | House |
| 18:21 | Construir | House |
| 18:34 | Crear | Villager (Male) |
| 18:34 | Crear | Villager (Male) |
| 18:35 | Crear | Villager (Male) |
| 19:00 | Edad | Edad Feudal |
| 19:05 | Investigar | Double-Bit Axe |
| 19:43 | Crear | Villager (Male) |
| 20:02 | Construir | Stable |
| 20:22 | Crear | Villager (Male) |
| 20:35 | Crear | Villager (Male) |
| 20:51 | Construir | Market |
| 20:59 | Crear | Scout Cavalry |
| 21:16 | Crear | Villager (Male) |
| 21:29 | Construir | Blacksmith |
| 21:42 | Crear | Villager (Male) |
| 21:59 | Construir | Farm |
| 22:01 | Crear | Villager (Male) |
| 22:23 | Construir | Farm |
| 22:39 | Crear | Trade Cart |
| 22:42 | Crear | Villager (Male) |
| 22:48 | Construir | Farm |
| 22:56 | Crear | Villager (Male) |
| 23:21 | Construir | Farm |
| 23:22 | Crear | Villager (Male) |
| 23:40 | Construir | Mining Camp |
| 23:46 | Construir | Farm |
| 23:51 | Crear | Villager (Male) |
| 24:02 | Crear | Villager (Male) |
| 24:03 | Construir | Farm |
| 24:23 | Crear | Villager (Male) |
| 24:30 | Construir | Farm |
| 24:36 | Construir | Stable |
| 24:55 | Construir | Farm |
| 25:14 | Crear | Trade Cart |
| 25:21 | Construir | Farm |
| 25:23 | Crear | Villager (Male) |
| 25:24 | Crear | Villager (Male) |
| 25:33 | Construir | Farm |
| 25:35 | Construir | Farm |
| 25:38 | Construir | Farm |
| 25:41 | Construir | Farm |
| 25:46 | Construir | Farm |
| 25:51 | Crear | Villager (Male) |
| 26:07 | Crear | Villager (Male) |
| 26:25 | Construir | Farm |
| 27:06 | Crear | Villager (Male) |
| 27:08 | Construir | Farm |
| 27:16 | Construir | House |
| 27:21 | Construir | House |
| 27:22 | Construir | House |
| 27:30 | Investigar | Castle Age |
| 27:30 | Investigar | Castle Age |
| 27:30 | Investigar | Castle Age |
| 27:36 | Construir | Barracks |
| 27:56 | Investigar | Bloodlines |
| 27:57 | Investigar | Bloodlines |
| 27:57 | Investigar | Bloodlines |
| 28:10 | Construir | Mill |
| 28:39 | Investigar | Scale Barding Armor |
| 28:39 | Investigar | Scale Barding Armor |
| 28:55 | Crear | Spearman |
| 28:56 | Crear | Spearman |
| 28:56 | Crear | Spearman |
| 29:12 | Crear | Spearman |
| 29:13 | Crear | Spearman |
| 29:13 | Crear | Spearman |
| 29:13 | Crear | Spearman |
| 29:47 | Crear | Spearman |
| 29:47 | Crear | Spearman |
| 30:11 | Edad | Edad de los Castillos |
| 30:13 | Crear | Knight |
| 30:13 | Crear | Knight |
| 30:13 | Crear | Knight |
| 30:14 | Crear | Knight |
| 30:17 | Crear | Villager (Male) |
| 30:18 | Crear | Villager (Male) |
| 30:33 | Construir | Monastery |
| 30:43 | Construir | Town Center |
| 30:55 | Construir | Castle |
| 30:58 | Crear | Villager (Male) |
| 30:58 | Crear | Villager (Male) |
| 31:06 | Investigar | Pikeman (upgrade) |
| 31:06 | Investigar | Squires |
| 31:07 | Investigar | Squires |
| 31:15 | Crear | Monk |
| 31:16 | Investigar | Fervor |
| 31:17 | Crear | Monk |
| 31:32 | Construir | University |
| 31:33 | Construir | House |
| 31:35 | Construir | House |
| 31:40 | Crear | Villager (Male) |
| 31:44 | Investigar | Bow Saw |
| 31:44 | Investigar | Bow Saw |
| 31:48 | Crear | Villager (Male) |
| 32:26 | Crear | Villager (Male) |
| 32:42 | Crear | Knight |
| 32:43 | Crear | Knight |
| 32:43 | Crear | Knight |
| 32:43 | Crear | Knight |
| 33:07 | Investigar | Caravan |
| 33:13 | Construir | Farm |
| 33:15 | Crear | Villager (Male) |
| 33:22 | Investigar | Horse Collar |
| 33:22 | Investigar | Horse Collar |
| 33:34 | Crear | Villager (Male) |
| 33:35 | Crear | Villager (Male) |
| 33:37 | Crear | Villager (Male) |
Build order — WOLF_PRO_MAX
Primeras 150 de 293 acciones detectadas
| 0:38 | Construir | Town Center |
| 2:38 | Construir | House |
| 2:40 | Construir | House |
| 2:59 | Crear | Villager (Male) |
| 2:59 | Crear | Villager (Male) |
| 3:00 | Crear | Villager (Male) |
| 3:00 | Crear | Villager (Male) |
| 3:00 | Crear | Villager (Male) |
| 3:38 | Construir | House |
| 4:16 | Construir | Palisade Wall |
| 4:25 | Crear | Villager (Male) |
| 5:01 | Crear | Villager (Male) |
| 5:25 | Investigar | Loom |
| 5:54 | Crear | Villager (Male) |
| 6:08 | Crear | Villager (Male) |
| 6:27 | Crear | Villager (Male) |
| 7:00 | Crear | Villager (Male) |
| 7:26 | Crear | Villager (Male) |
| 7:48 | Construir | Lumber Camp |
| 7:56 | Crear | Villager (Male) |
| 8:12 | Crear | Villager (Male) |
| 8:33 | Construir | Mill |
| 8:39 | Crear | Villager (Male) |
| 9:19 | Construir | Farm |
| 9:27 | Crear | Villager (Male) |
| 9:40 | Crear | Villager (Male) |
| 9:58 | Crear | Villager (Male) |
| 10:36 | Construir | Farm |
| 10:40 | Crear | Villager (Male) |
| 10:44 | Construir | House |
| 10:47 | Construir | Farm |
| 11:04 | Construir | Mill |
| 11:11 | Construir | House |
| 11:13 | Construir | House |
| 11:24 | Crear | Villager (Male) |
| 11:38 | Construir | Farm |
| 11:43 | Crear | Villager (Male) |
| 12:02 | Construir | Farm |
| 12:08 | Construir | House |
| 12:31 | Construir | Farm |
| 12:47 | Construir | House |
| 12:48 | Construir | House |
| 12:55 | Investigar | Feudal Age |
| 13:35 | Construir | Palisade Wall |
| 13:40 | Construir | Palisade Gate |
| 13:47 | Construir | House |
| 14:39 | Construir | House |
| 14:40 | Construir | House |
| 15:05 | Edad | Edad Feudal |
| 15:06 | Construir | Mill |
| 15:13 | Investigar | Double-Bit Axe |
| 15:16 | Investigar | Horse Collar |
| 15:19 | Crear | Villager (Male) |
| 15:20 | Crear | Villager (Male) |
| 15:36 | Construir | House |
| 15:39 | Construir | House |
| 15:52 | Construir | Farm |
| 15:56 | Construir | Farm |
| 16:04 | Crear | Villager (Male) |
| 16:12 | Investigar | Wheelbarrow |
| 16:36 | Construir | House |
| 16:52 | Construir | House |
| 16:54 | Construir | House |
| 17:05 | Construir | Farm |
| 17:13 | Construir | Palisade Wall |
| 18:04 | Crear | Villager (Male) |
| 18:13 | Construir | Market |
| 18:31 | Crear | Villager (Male) |
| 18:44 | Construir | House |
| 18:46 | Construir | House |
| 18:56 | Crear | Villager (Male) |
| 18:56 | Crear | Villager (Male) |
| 19:23 | Construir | Blacksmith |
| 19:32 | Construir | Farm |
| 19:46 | Construir | House |
| 19:59 | Crear | Villager (Male) |
| 20:21 | Construir | House |
| 20:27 | Construir | Farm |
| 20:30 | Construir | Farm |
| 20:33 | Investigar | Castle Age |
| 20:47 | Construir | Barracks |
| 20:53 | Investigar | Forging |
| 20:54 | Investigar | Scale Mail Armor |
| 21:26 | Construir | Mining Camp |
| 22:25 | Crear | Spearman |
| 22:26 | Crear | Spearman |
| 22:26 | Crear | Spearman |
| 22:36 | Construir | Stable |
| 22:41 | Investigar | Stone Mining |
| 23:13 | Edad | Edad de los Castillos |
| 23:25 | Construir | Town Center |
| 23:44 | Crear | Spearman |
| 23:45 | Crear | Spearman |
| 24:15 | Investigar | Stone Shaft Mining |
| 24:22 | Crear | Villager (Male) |
| 24:22 | Crear | Villager (Male) |
| 24:23 | Crear | Villager (Male) |
| 24:23 | Crear | Villager (Male) |
| 24:56 | Construir | Mining Camp |
| 25:08 | Investigar | Hand Cart |
| 25:13 | Crear | Villager (Male) |
| 25:15 | Crear | Villager (Male) |
| 25:27 | Investigar | Bow Saw |
| 25:49 | Crear | Villager (Male) |
| 26:07 | Investigar | Heavy Plow |
| 26:12 | Crear | Villager (Male) |
| 27:31 | Crear | Villager (Male) |
| 27:38 | Construir | Farm |
| 27:41 | Construir | Farm |
| 27:44 | Crear | Villager (Male) |
| 27:44 | Crear | Villager (Male) |
| 27:57 | Construir | Castle |
| 28:01 | Crear | Villager (Male) |
| 28:01 | Crear | Villager (Male) |
| 28:07 | Crear | Villager (Male) |
| 28:07 | Crear | Villager (Male) |
| 28:19 | Investigar | Pikeman (upgrade) |
| 28:28 | Construir | Farm |
| 28:43 | Construir | Farm |
| 28:54 | Crear | Knight |
| 28:59 | Construir | Farm |
| 29:10 | Construir | Farm |
| 29:12 | Crear | Villager (Male) |
| 29:32 | Crear | Knight |
| 29:38 | Construir | Farm |
| 29:40 | Crear | Villager (Male) |
| 29:49 | Investigar | Scale Barding Armor |
| 29:53 | Crear | Knight |
| 30:00 | Construir | House |
| 30:02 | Construir | House |
| 30:54 | Investigar | Chain Barding Armor |
| 30:59 | Crear | Villager (Male) |
| 30:59 | Crear | Villager (Male) |
| 31:00 | Crear | Villager (Male) |
| 31:02 | Crear | Villager (Male) |
| 31:02 | Crear | Villager (Male) |
| 31:03 | Crear | Villager (Male) |
| 31:09 | Construir | Farm |
| 31:10 | Construir | Farm |
| 31:19 | Construir | Lumber Camp |
| 31:27 | Construir | Lumber Camp |
| 31:32 | Construir | Farm |
| 31:35 | Crear | Villager (Male) |
| 31:43 | Construir | Siege Workshop |
| 31:54 | Crear | Knight |
| 32:05 | Crear | Villager (Male) |
| 32:17 | Construir | Stable |
| 32:21 | Construir | Barracks |
| 32:22 | Construir | Barracks |
| 32:29 | Construir | Farm |
Build order — 打不过你们
Primeras 150 de 370 acciones detectadas
| 0:09 | Construir | Town Center |
| 0:17 | Construir | House |
| 2:36 | Crear | Villager (Male) |
| 2:37 | Crear | Villager (Male) |
| 2:37 | Crear | Villager (Male) |
| 2:37 | Crear | Villager (Male) |
| 2:37 | Crear | Villager (Male) |
| 4:12 | Crear | Villager (Male) |
| 4:20 | Construir | Lumber Camp |
| 4:39 | Crear | Villager (Male) |
| 4:40 | Crear | Villager (Male) |
| 4:40 | Crear | Villager (Male) |
| 4:45 | Construir | House |
| 5:35 | Crear | Villager (Male) |
| 5:36 | Crear | Villager (Male) |
| 6:04 | Crear | Villager (Male) |
| 6:22 | Construir | House |
| 6:52 | Crear | Villager (Male) |
| 6:53 | Crear | Villager (Male) |
| 6:53 | Crear | Villager (Male) |
| 7:23 | Construir | Mill |
| 7:47 | Crear | Villager (Male) |
| 7:47 | Crear | Villager (Male) |
| 8:27 | Crear | Villager (Male) |
| 8:29 | Investigar | Loom |
| 9:42 | Investigar | Feudal Age |
| 9:47 | Construir | Farm |
| 10:06 | Construir | House |
| 10:50 | Construir | Barracks |
| 11:08 | Crear | Villager (Male) |
| 11:52 | Edad | Edad Feudal |
| 11:53 | Construir | Stable |
| 11:57 | Construir | Farm |
| 12:08 | Crear | Villager (Male) |
| 12:19 | Construir | Farm |
| 12:25 | Construir | Farm |
| 12:33 | Crear | Scout Cavalry |
| 12:38 | Crear | Villager (Male) |
| 12:42 | Construir | Farm |
| 12:55 | Construir | House |
| 12:59 | Construir | House |
| 13:09 | Crear | Villager (Male) |
| 13:11 | Construir | Farm |
| 13:27 | Construir | Farm |
| 13:34 | Crear | Villager (Male) |
| 13:53 | Construir | Farm |
| 13:55 | Construir | House |
| 14:00 | Crear | Villager (Male) |
| 14:05 | Construir | Farm |
| 14:22 | Crear | Villager (Male) |
| 14:31 | Construir | Farm |
| 14:37 | Investigar | Double-Bit Axe |
| 14:38 | Investigar | Double-Bit Axe |
| 14:49 | Crear | Scout Cavalry |
| 15:00 | Construir | Farm |
| 15:02 | Crear | Villager (Male) |
| 15:18 | Construir | Farm |
| 15:21 | Crear | Villager (Male) |
| 15:29 | Construir | Farm |
| 15:32 | Crear | Villager (Male) |
| 16:07 | Crear | Villager (Male) |
| 16:17 | Construir | Market |
| 16:20 | Investigar | Horse Collar |
| 16:20 | Investigar | Horse Collar |
| 16:28 | Crear | Villager (Male) |
| 16:34 | Construir | Farm |
| 16:44 | Construir | House |
| 16:58 | Construir | Farm |
| 17:04 | Crear | Villager (Male) |
| 17:17 | Crear | Scout Cavalry |
| 17:23 | Crear | Villager (Male) |
| 17:27 | Construir | Farm |
| 17:40 | Crear | Villager (Male) |
| 17:52 | Construir | Mining Camp |
| 18:02 | Construir | Blacksmith |
| 18:03 | Crear | Scout Cavalry |
| 18:05 | Crear | Villager (Male) |
| 18:28 | Crear | Villager (Male) |
| 18:32 | Construir | Farm |
| 18:35 | Construir | Farm |
| 18:43 | Crear | Scout Cavalry |
| 18:49 | Investigar | Scale Barding Armor |
| 18:50 | Investigar | Scale Barding Armor |
| 18:53 | Construir | House |
| 18:54 | Construir | House |
| 19:19 | Crear | Villager (Male) |
| 19:30 | Crear | Villager (Male) |
| 19:35 | Construir | Archery Range |
| 19:49 | Construir | Farm |
| 20:00 | Crear | Villager (Male) |
| 20:12 | Crear | Archer |
| 20:23 | Crear | Villager (Male) |
| 20:47 | Crear | Villager (Male) |
| 21:29 | Crear | Villager (Male) |
| 21:30 | Investigar | Castle Age |
| 21:31 | Investigar | Castle Age |
| 21:58 | Crear | Scout Cavalry |
| 22:02 | Construir | Farm |
| 22:03 | Construir | Farm |
| 22:06 | Construir | Lumber Camp |
| 22:14 | Crear | Archer |
| 22:38 | Construir | Farm |
| 22:40 | Crear | Villager (Male) |
| 23:01 | Construir | Archery Range |
| 23:16 | Investigar | Wheelbarrow |
| 23:26 | Investigar | Fletching |
| 23:26 | Investigar | Padded Archer Armor |
| 23:34 | Construir | House |
| 23:35 | Construir | House |
| 23:42 | Construir | House |
| 23:49 | Construir | House |
| 24:05 | Investigar | Bloodlines |
| 24:13 | Edad | Edad de los Castillos |
| 24:16 | Crear | Cavalry Archer |
| 24:16 | Crear | Cavalry Archer |
| 24:19 | Crear | Knight |
| 24:21 | Crear | Villager (Male) |
| 24:28 | Construir | House |
| 24:29 | Construir | House |
| 24:32 | Construir | House |
| 24:35 | Construir | Farm |
| 24:40 | Investigar | Bow Saw |
| 24:40 | Investigar | Bow Saw |
| 25:03 | Crear | Cavalry Archer |
| 25:08 | Construir | Farm |
| 25:15 | Construir | House |
| 25:22 | Crear | Villager (Male) |
| 25:22 | Crear | Villager (Male) |
| 25:26 | Crear | Knight |
| 25:26 | Crear | Knight |
| 25:37 | Crear | Cavalry Archer |
| 25:37 | Crear | Cavalry Archer |
| 25:37 | Crear | Cavalry Archer |
| 25:49 | Construir | House |
| 25:52 | Construir | Farm |
| 26:14 | Investigar | Bodkin Arrow |
| 26:15 | Investigar | Bodkin Arrow |
| 26:26 | Crear | Knight |
| 26:26 | Crear | Knight |
| 26:33 | Construir | House |
| 27:02 | Crear | Villager (Male) |
| 27:02 | Crear | Villager (Male) |
| 27:09 | Construir | Farm |
| 27:18 | Crear | Villager (Male) |
| 27:25 | Construir | Town Center |
| 27:42 | Crear | Villager (Male) |
| 27:45 | Construir | Farm |
| 27:47 | Investigar | Heavy Plow |
| 27:48 | Investigar | Heavy Plow |
| 28:13 | Construir | Town Center |
Cronología de la partida
| 4:16 | WOLF_PRO_MAX · wall_segment Palisade Wall x2 |
| 10:50 | 打不过你们 · first_building Barracks |
| 11:34 | popsicle · wall_segment Palisade Wall x6 |
| 11:52 | 打不过你们 · age_up feudal |
| 11:53 | 打不过你们 · first_building Stable |
| 12:16 | popsicle · wall_segment Palisade Wall x1 |
| 13:35 | WOLF_PRO_MAX · wall_segment Palisade Wall x17 |
| 14:44 | Eljardinero · first_building Barracks |
| 15:05 | WOLF_PRO_MAX · age_up feudal |
| 15:15 | Kazek Wielki · age_up feudal |
| 15:27 | Paus · wall_segment Palisade Wall x9 |
| 15:31 | Paus · wall_segment Palisade Wall x18 |
| 15:33 | Paus · wall_segment Palisade Wall x2 |
| 15:42 | Paus · wall_segment Palisade Wall x10 |
| 15:44 | Paus · wall_segment Palisade Wall x9 |
| 15:50 | Paus · wall_segment Palisade Wall x10 |
| 15:57 | n2844522 · first_building Barracks |
| 16:05 | Paus · wall_segment Palisade Wall x8 |
| 16:11 | Paus · wall_segment Palisade Wall x8 |
| 16:28 | popsicle · age_up feudal |
| 16:33 | n2844522 · age_up feudal |
| 16:35 | Eljardinero · age_up feudal |
| 16:46 | Paus · wall_segment Palisade Wall x7 |
| 16:48 | Paus · wall_segment Palisade Wall x7 |
| 16:59 | n2844522 · first_building Stable |
| 17:01 | Kazek Wielki · first_building Barracks |
| 17:06 | Eljardinero · first_building Stable |
| 17:09 | hop · first_building Barracks |
| 17:09 | Paus · age_up feudal |
| 17:11 | popsicle · first_building Barracks |
| 17:13 | WOLF_PRO_MAX · wall_segment Palisade Wall x11 |
| 17:53 | hop · wall_segment Palisade Wall x8 |
| 18:44 | Kazek Wielki · first_building Stable |
| 19:00 | hop · age_up feudal |
| 19:07 | Paus · wall_segment Palisade Wall x7 |
| 19:28 | Paus · first_building Barracks |
| 19:35 | 打不过你们 · first_building Archery Range |
| 19:38 | WOLF_PRO_MAX · first_market_sell 100 food |
| 19:56 | popsicle · first_building Stable |
| 20:02 | hop · first_building Stable |
| 20:13 | Paus · wall_segment Palisade Wall x7 |
| 20:15 | Paus · wall_segment Palisade Wall x3 |
| 20:47 | WOLF_PRO_MAX · first_building Barracks |
| 22:10 | Kazek Wielki · age_up castle |
| 22:24 | Eljardinero · age_up castle |
| 22:36 | WOLF_PRO_MAX · first_building Stable |
| 23:09 | Paus · first_building Stable |
| 23:13 | WOLF_PRO_MAX · age_up castle |
| 23:24 | 打不过你们 · first_market_sell 100 food |
| 23:40 | Kazek Wielki · first_building Castle |
| 24:13 | 打不过你们 · age_up castle |
| 25:48 | n2844522 · first_market_sell 100 stone |
| 26:08 | Eljardinero · first_building Monastery |
| 27:03 | Eljardinero · first_market_sell 100 wood |
| 27:08 | Kazek Wielki · first_building Siege Workshop |
| 27:23 | Paus · age_up castle |
| 27:57 | WOLF_PRO_MAX · first_building Castle |
| 29:05 | n2844522 · age_up castle |
| 30:11 | hop · age_up castle |
| 30:33 | hop · first_building Monastery |
| 30:52 | Kazek Wielki · first_building Monastery |
| 30:55 | hop · first_building Castle |
| 31:12 | popsicle · first_building Archery Range |
| 31:43 | WOLF_PRO_MAX · first_building Siege Workshop |
| 32:25 | popsicle · age_up castle |
| 32:41 | Paus · first_building Archery Range |
| 33:20 | 打不过你们 · first_building Siege Workshop |
| 34:37 | Paus · wall_segment Palisade Wall x1 |
| 35:21 | hop · first_building Siege Workshop |
| 36:47 | Paus · resign |
| 38:27 | WOLF_PRO_MAX · age_up imperial |
| 39:52 | Kazek Wielki · first_market_sell 100 wood |
| 40:43 | 打不过你们 · first_building Monastery |
| 42:42 | hop · first_market_sell 100 wood |
| 42:54 | 打不过你们 · age_up imperial |
| 42:58 | n2844522 · first_building Castle |
| 45:14 | n2844522 · first_building Archery Range |
| 45:56 | hop · age_up imperial |
| 51:56 | Kazek Wielki · first_market_buy 100 stone |
[ ANÁLISIS IA · 1 CRÉDITO ]
¿Qué pasó realmente en esta partida?
Wolo.gg analiza cada decisión: build order, eco, micro, errores típicos por bracket. Análisis personalizado por WhatsApp o Discord en 30 segundos.
Guía civ
Persas
Guía mapa
MegaRandom
Perfil
Jugador #2053612